cohdb
Replays
Latest Replays
All Replays
Popular Replays
Top Player Replays
Match Explorer
How It Works
Community
CoH3 Stats
Reddit
Sign in to upload your games and track your stats! →
Sign in with Steam
Match 42002144
Unlisted
Match 42002144
Overview
Messages
Build Orders
End
Construct Infanterie Kompanie
Selects Breakthrough Battlegroup
Selects Assault Grenadiers
Grenadier Squad
Grenadier Squad
MG 42 Machine Gun Team
Grenadier Squad
Grenadier Squad
Selects Breakthrough
Medical Station
Construct Panzergrenadier Kompanie
GrW 34 Mortar Team
Pak 40 Anti-tank Gun Team
Selects Rapid Production
Panzergrenadier Squad
251 Medium Carrier
MG 42 Machine Gun Team
Panzergrenadier Squad
Support Elements
Breakthrough
Alpha_0XVII
The Iron Duck
Nashorn101
DrunkPoet
0
0
Comments
sign in to comment!
No comments posted yet!